Description

this is a modified copy of a build by showtime. i removed the probes and units built to make the in game build smoother

Build Order

Get SALT Encoding   

  14  0:18  Pylon  
  15  0:39  Gateway  
  16  0:47  Assimilator  
  19  1:22  Nexus  
  20  1:35  Cybernetics Core  
  21  1:47  Assimilator  
  22  1:54  Pylon  
  23  2:09  Adept  
  23  2:12  Warp Gate  
  27  2:34  Stargate  
  27  2:36  Adept  
  33  2:53  Pylon  
  35  3:06  Adept  
  38  3:16  Phoenix  
  38  3:18  Mothership Core (Chrono Boost)  
  43  3:31  Pylon  
  43  3:33  Adept  
  46  3:40  Phoenix  
  52  4:00  Nexus  
  52  4:02  Pylon  
  53  4:05  Phoenix  
  58  4:23  Gateway  
  58  4:24  Gateway  
  58  4:27  Probe (Chrono Boost)  
  58  4:31  Assimilator  
  60  4:34  Phoenix, Assimilator  
  65  4:54  Pylon  
  65  4:55  Phoenix  
  68  5:06  Robotics Facility  
  69  5:13  Pylon  
  73  5:24  Twilight Council, Assimilator  
  73  5:26  Assimilator  
  73  5:27  Phoenix  
  78  5:40  Robotics Facility  
  81  5:42  Forge  
  82  5:53  Observer, Pylon  
  85  6:01  Charge  
  85  6:03  Protoss Ground Weapons Level 1  
  86  6:09  Templar Archives  
  87  6:13  Zealot x2, Sentry  
  94  6:20  Warp Prism  
  94  6:24  Photon Cannon  
  96  6:33  Immortal  
  96  6:37  Psionic Storm  
  96  6:44  Pylon  
  100  6:56  Immortal  
  100  6:59  Photon Cannon, Pylon  
  104  7:08  Gateway  
  104  7:10  Gateway  
  104  7:11  Gateway  
  110  7:19  Immortal  
  106  7:29  Pylon  
  106  7:30  Gateway  
  106  7:36  Gateway  
  106  7:38  Pylon, Immortal  
  114  7:49  Pylon  
  114  7:50  Blink  
  114  7:53  High Templar  
  116  7:59  Pylon  
  116  8:00  High Templar  
  120  8:07  Archon  
  120  8:12  Protoss Ground Weapons Level 2  
  116  8:18  Immortal  
  120  8:24  Photon Cannon  
  120  8:27  High Templar  
  120  8:28  High Templar x3  
  120  8:29  Pylon  
  120  8:31  Pylon  
  120  8:32  Pylon, Archon x2  
  132  8:45  Photon Cannon  
  132  8:48  Pylon  
  132  8:53  Dark Shrine  
  144  9:10  Nexus, Pylon  
  144  9:13  Pylon, Gateway  
  155  9:45  Nexus  
  155  9:47  Pylon  
  155  9:48  Pylon  
  155  9:50  Pylon  
  155  9:52  Pylon  
  155  9:56  Immortal  
  157  10:01  Immortal  
  165  10:11  Dark Templar x2  
  169  10:15  Pylon  
  172  10:30  Immortal  
  174  10:40  Immortal  
  158  10:43  High Templar x2  
  158  10:49  Protoss Ground Weapons Level 3  
  162  10:50  High Templar x2  
  164  10:57  Nexus  
  164  11:04  Immortal  
  164  11:05  Pylon  
  164  11:11  Fleet Beacon  
  168  11:14  Zealot x2  
  168  11:18  Zealot  
  174  11:20  Zealot  
  174  11:24  Zealot  
  176  11:27  Zealot  
  176  11:32  Pylon  
  178  11:40  High Templar x2  
  180  11:54  Archon  
  180  11:55  Stargate  
  180  11:58  Tempest  
  170  12:15  Immortal  
  182  12:39  Immortal  
  182  12:42  High Templar x3  
  182  12:43  High Templar  
  178  12:49  Assimilator  
  178  12:53  Pylon, Assimilator  
  178  12:55  Pylon  
  178  12:57  Pylon  
  178  13:02  High Templar x2  
  181  13:10  Immortal  
  143  13:20  Dark Templar  
  147  13:35  Zealot  
Spawning Tool Build Advisor. Get it on Overwolf

Go to:

Details

  • Created by: imagrinchyoazz
  • Published on: Aug 04, 2017
  • Modified on: Aug 04, 2017
  • Patch: 3.8.0
Show
View Real Time Build Order
Export as new Build Order

Comments (0)

There are no comments. Be the first!

Create an account to comment!